Kings vs Flyers
(R1)
Created - February 29, 2024 at 22:52
Goals
|
| Kings |
0 |
2 |
1 |
3 |
| Flyers |
1 |
1 |
2 |
4 |
|
Shots
|
| Kings |
14 |
11 |
13 |
38 |
| Flyers |
9 |
17 |
10 |
36 |
|
1st period
1. Flyers , Kasperi Kapanen 17 (Jeff Carter 21, Max Pacioretty 21) at 12:44 (PP)
Penalties :
Matthew Tkachuk (L.A) for Tripping (Minor) at 11:46
2nd period
2. Flyers , Jeff Carter 17 (Max Pacioretty 22, Ivan Provorov 10) at 2:06
3. Kings , Jake Guentzel 23 (Sidney Crosby 44, Colton Parayko 17) at 5:47
4. Kings , William Nylander 11 (Quinn Hughes 24, Adrian Kempe 13) at 17:51
Penalties :
Marc Staal (L.A) for Unsportsmanlike conduct (Minor) at 2:19, Frans Nielsen (L.A) for Hooking (Minor) at 7:04, Frans Nielsen (L.A) for Hooking (Minor) at 11:35
3rd period
5. Flyers , Calle Jarnkrok 6 (Niclas Bergfors 11, Jake Dotchin 7) at 8:49
6. Flyers , Jakub Voracek 29 (Nick Ritchie 33) at 19:26
7. Kings , Sam Bennett 13 (Mitch Marner 26) at 19:32
Penalties :
Jeff Carter (Phi) for Interference (Minor) at 15:34
Goalie Stats
Igor Shesterkin (L.A), 32 saves from 36 shots - (0.889), L, 5-8-0, 59:36 minutes
Steve Mason (Phi), 35 saves from 38 shots - (0.921), W, 13-19-3, 60:00 minutes
Players Stats for Kings
Player Name G A P +/- PIM S H SB GA TA FO MP PP MP PK MP
------------------------------------------------------------------------------------
Aaron Ekblad 0 0 0 1 0 2 2 2 1 0 0/0 21:54 0:00 2:53
Adam Fox 0 0 0 -2 0 2 0 1 0 2 0/0 18:38 0:00 0:40
Adrian Kempe 0 1 1 -1 0 1 1 0 0 0 0/0 14:11 0:52 1:42
Auston Matthews 0 0 0 0 0 2 0 0 0 0 6/19 15:17 1:07 0:00
Chris Tierney 0 0 0 0 0 3 1 0 0 2 5/7 18:24 0:00 3:54
Colton Parayko 0 1 1 2 0 3 3 1 0 0 0/0 21:46 0:00 4:02
Frans Nielsen 0 0 0 0 4 2 2 0 0 0 2/5 13:01 0:00 1:40
Jake Guentzel 1 0 1 1 0 4 0 0 1 0 0/1 16:18 1:23 0:26
Jared Cowen 0 0 0 -2 0 1 0 0 0 0 0/0 21:18 0:00 4:02
Marc Staal 0 0 0 1 2 1 0 2 1 0 0/0 17:05 0:00 2:05
Matt Martin 0 0 0 0 0 2 2 0 2 0 0/0 11:47 0:00 1:17
Matthew Tkachuk 0 0 0 1 2 1 1 1 0 0 0/1 14:11 0:52 0:00
Mikko Rantanen 0 0 0 -1 0 4 3 0 0 2 1/2 16:23 1:07 0:00
Mitch Marner 0 1 1 0 0 0 1 0 0 0 0/0 12:02 1:07 0:00
Quinn Hughes 0 1 1 0 0 2 0 1 0 0 0/0 16:55 1:23 0:08
Sam Bennett 1 0 1 0 0 3 2 0 0 0 2/4 14:23 0:52 2:24
Sidney Crosby 0 1 1 0 0 4 1 0 0 0 9/14 18:03 0:36 2:27
William Nylander 1 0 1 0 0 1 1 0 0 0 0/0 11:25 0:36 0:00
Players Stats for Flyers
Player Name G A P +/- PIM S H SB GA TA FO MP PP MP PK MP
------------------------------------------------------------------------------------
Blake Heinrich 0 0 0 1 0 0 0 0 0 1 0/0 13:16 0:00 0:00
Brian Lashoff 0 0 0 -1 0 3 3 1 1 0 0/0 26:23 3:56 0:57
Brock Nelson 0 0 0 0 0 0 1 0 0 0 0/0 8:35 0:00 0:28
Cal Foote 0 0 0 1 0 1 1 0 0 0 0/0 13:16 0:00 0:00
Calle Jarnkrok 1 0 1 0 0 1 0 0 0 0 1/3 14:11 0:10 0:04
Ivan Provorov 0 1 1 0 0 1 1 0 0 2 0/0 20:21 2:59 1:02
Jake Dotchin 0 1 1 0 0 0 1 0 0 0 0/0 20:21 2:59 1:02
Jakub Voracek 1 0 1 -1 0 5 3 0 0 0 0/2 20:27 3:32 1:13
Jeff Carter 1 1 2 1 2 2 2 0 0 0 6/7 16:56 3:21 0:00
Jordan Nolan 0 0 0 -1 0 3 0 0 0 0 17/32 20:19 3:24 1:13
Kasperi Kapanen 1 0 1 1 0 2 2 0 2 0 0/1 16:51 3:21 0:00
Max Pacioretty 0 2 2 1 0 2 1 1 1 1 0/1 16:51 3:21 0:00
Michael Bournival 0 0 0 0 0 1 2 0 2 0 0/0 13:27 0:00 0:00
Nathan Beaulieu 0 0 0 -1 0 5 1 0 0 0 0/0 26:23 3:56 0:57
Nick Ritchie 0 1 1 -1 0 5 0 2 0 0 3/6 19:29 3:24 0:23
Niclas Bergfors 0 1 1 0 0 2 1 0 0 1 0/0 14:01 0:10 0:00
Travis Konecny 0 0 0 0 0 2 0 0 0 0 0/0 8:19 0:02 0:00
Travis Zajac 0 0 0 0 0 1 3 0 0 0 1/1 8:34 0:00 0:37
3 Stars
1 - Jeff Carter (Phi)
2 - Kasperi Kapanen (Phi)
3 - Max Pacioretty (Phi)
Power Play
Kings - 0 on 1 Attempt(s) - 0.00%
Flyers - 1 on 4 Attempt(s) - 25.00%
Penalty Kill
Kings - 3 on 4 Attempt(s) - 75.00%
- Score 0 goal in Penalty Kill
Flyers - 1 on 1 Attempt(s) - 100.00%
- Score 0 goal in Penalty Kill
Team Stat
Kings - Hits : 20 - Faceoff Wins : 25 - Blocked Shots : 8 - Penalty Minutes : 8
Flyers - Hits : 22 - Faceoff Wins : 28 - Blocked Shots : 4 - Penalty Minutes : 2
Official
Referees : Tim Peel and Jean Hebert
Linesman : Scott Cherrey and Mark Shewchyk
Game Notes
No Game Note
Finance
Level 1 -- Attendance: 6000 (100.00%) -- Ticket Income $600,000
Level 2 -- Attendance: 5000 (100.00%) -- Ticket Income $300,000
Level 3 -- Attendance: 1833 (91.65%) -- Ticket Income $64,155
Level 4 -- Attendance: 3895 (97.38%) -- Ticket Income $97,375
Luxury Box -- Attendance: 1000 (100.00%) -- Ticket Income $200,000
Game was played at the Wells Fargo Center.
Total Attendance: 17728 (98.49%)
Total Ticket Income: $1,261,530
Other Income: $189,230
Total Income: $1,450,760
Kings
5 vs 5 Forward
Center Left Wing Right Wing Time % Phy DF OF
1 Sidney Crosby Jake Guentzel Matthew Tkachuk 30 1 1 3
2 Auston Matthews Chris Tierney Mikko Rantanen 30 1 2 2
3 Sam Bennett Matt Martin Mitch Marner 20 1 2 2
4 Frans Nielsen Adrian Kempe William Nylander 20 2 2 1
5 vs 5 Defense
Defense Defense Time % Phy DF OF
1 Colton Parayko Aaron Ekblad 35 1 3 1
2 Jared Cowen Adam Fox 35 1 3 1
3 Marc Staal Quinn Hughes 30 0 2 3
4 Quinn Hughes Jared Cowen 0 1 2 2
PowerPlay Forward
Center Left Wing Right Wing Time % Phy DF OF
1 Auston Matthews Mikko Rantanen Mitch Marner 60 0 0 5
2 Sam Bennett Adrian Kempe Matthew Tkachuk 40 0 0 5
PowerPlay Defense
Defense Defense Time % Phy DF OF
1 Quinn Hughes Jake Guentzel 70 0 1 4
2 Sidney Crosby William Nylander 30 0 1 4
Penalty Kill 4 Players Forward
Center Wing Time % Phy DF OF
1 Chris Tierney Frans Nielsen 60 1 2 2
2 Sam Bennett Matt Martin 40 1 2 2
Penalty Kill 4 Players Defense
Defense Defense Time % Phy DF OF
1 Colton Parayko Jared Cowen 60 1 2 2
2 Marc Staal Aaron Ekblad 40 1 2 2
Penalty Kill - 3 Players Forward
Forward Time % Phy DF OF
1 Chris Tierney 60 1 2 2
2 Sam Bennett 40 1 2 2
Penalty Kill - 3 Players Defense
Defense Defense Time % Phy DF OF
1 Colton Parayko Jared Cowen 60 1 2 2
2 Marc Staal Aaron Ekblad 40 1 2 2
4 vs 4 Forward
Center Wing Time % Phy DF OF
1 Jake Guentzel Mikko Rantanen 60 1 2 2
2 Sidney Crosby Auston Matthews 40 1 2 2
4 vs 4 Defense
Defense Defense Time % Phy DF OF
1 Aaron Ekblad Colton Parayko 60 1 2 2
2 Jared Cowen Adam Fox 40 1 2 2
Last Minutes Offensive
Center Left Wing Right Wing Defense Defense
Sidney Crosby Jake Guentzel Mikko Rantanen Aaron Ekblad Adam Fox
Last Minutes Defensive
Center Left Wing Right Wing Defense Defense
Sam Bennett Chris Tierney Matthew Tkachuk Marc Staal Jared Cowen
Goaltenders
Starting : Igor Shesterkin
Backup : Ondrej Pavelec
Extra Forwards
Normal : Sam Bennett, Chris Tierney, Auston Matthews - PP : Chris Tierney, Matt Martin - PK : Sidney Crosby
Extra Defensemen
Normal : Aaron Ekblad, Jared Cowen, Marc Staal - PP : Colton Parayko - PK : Adam Fox, Quinn Hughes
Penalty Shots
Frans Nielsen, Auston Matthews, Mikko Rantanen, Sidney Crosby, Jake Guentzel
Custom OT Lines Forwards
Sidney Crosby, Mikko Rantanen, Jake Guentzel, Auston Matthews, Mitch Marner, William Nylander, Sam Bennett, Chris Tierney, Adrian Kempe, Matthew Tkachuk
Custom OT Lines Defensemen
Colton Parayko, Jared Cowen, Aaron Ekblad, Marc Staal, Adam Fox
Scratches
Garnet Hathaway (Healthy), Jared Spurgeon (Healthy), Zac Rinaldo (Healthy)
Flyers
5 vs 5 Forward
Center Left Wing Right Wing Time % Phy DF OF
1 Jordan Nolan Nick Ritchie Jakub Voracek 40 1 2 2
2 Jeff Carter Max Pacioretty Kasperi Kapanen 30 1 2 2
3 Calle Jarnkrok Michael Bournival Niclas Bergfors 20 1 2 2
4 Travis Zajac Brock Nelson Travis Konecny 10 1 2 2
5 vs 5 Defense
Defense Defense Time % Phy DF OF
1 Nathan Beaulieu Brian Lashoff 40 1 2 2
2 Ivan Provorov Jake Dotchin 30 1 2 2
3 Blake Heinrich Cal Foote 20 1 2 2
4 Nathan Beaulieu Brian Lashoff 10 1 2 2
PowerPlay Forward
Center Left Wing Right Wing Time % Phy DF OF
1 Jordan Nolan Nick Ritchie Jakub Voracek 60 1 2 2
2 Jeff Carter Max Pacioretty Kasperi Kapanen 40 1 2 2
PowerPlay Defense
Defense Defense Time % Phy DF OF
1 Nathan Beaulieu Brian Lashoff 60 1 2 2
2 Ivan Provorov Jake Dotchin 40 1 2 2
Penalty Kill 4 Players Forward
Center Wing Time % Phy DF OF
1 Jordan Nolan Jakub Voracek 60 1 2 2
2 Nick Ritchie Jeff Carter 40 1 2 2
Penalty Kill 4 Players Defense
Defense Defense Time % Phy DF OF
1 Nathan Beaulieu Brian Lashoff 60 1 2 2
2 Ivan Provorov Jake Dotchin 40 1 2 2
Penalty Kill - 3 Players Forward
Forward Time % Phy DF OF
1 Jordan Nolan 60 1 2 2
2 Jakub Voracek 40 1 2 2
Penalty Kill - 3 Players Defense
Defense Defense Time % Phy DF OF
1 Nathan Beaulieu Brian Lashoff 60 1 2 2
2 Ivan Provorov Jake Dotchin 40 1 2 2
4 vs 4 Forward
Center Wing Time % Phy DF OF
1 Jordan Nolan Jakub Voracek 60 1 2 2
2 Nick Ritchie Jeff Carter 40 1 2 2
4 vs 4 Defense
Defense Defense Time % Phy DF OF
1 Nathan Beaulieu Brian Lashoff 60 1 2 2
2 Ivan Provorov Jake Dotchin 40 1 2 2
Last Minutes Offensive
Center Left Wing Right Wing Defense Defense
Jordan Nolan Nick Ritchie Jakub Voracek Nathan Beaulieu Brian Lashoff
Last Minutes Defensive
Center Left Wing Right Wing Defense Defense
Jordan Nolan Nick Ritchie Jakub Voracek Nathan Beaulieu Brian Lashoff
Goaltenders
Starting : Steve Mason
Backup : Ilya Sorokin
Extra Forwards
Normal : Niclas Bergfors, Calle Jarnkrok, Travis Zajac - PP : Niclas Bergfors, Calle Jarnkrok - PK : Travis Zajac
Extra Defensemen
Normal : Blake Heinrich, Cal Foote, Ivan Provorov - PP : Blake Heinrich - PK : Cal Foote, Ivan Provorov
Penalty Shots
Jordan Nolan, Jakub Voracek, Nick Ritchie, Jeff Carter, Max Pacioretty
Custom OT Lines Forwards
Jordan Nolan, Jakub Voracek, Nick Ritchie, Jeff Carter, Max Pacioretty, Kasperi Kapanen, Niclas Bergfors, Calle Jarnkrok, Travis Zajac, Travis Konecny
Custom OT Lines Defensemen
Nathan Beaulieu, Brian Lashoff, Ivan Provorov, Jake Dotchin, Blake Heinrich
Scratches
Jacob Trouba (Left Hip Injury)
% Time on Ice - Kings
Lines # - Real PCT - Wanted PCT - Time Play
Normal Forward
1 - 29% - 30% - 14:24
2 - 29% - 30% - 14:42
3 - 21% - 20% - 10:30
4 - 21% - 20% - 10:24
Normal Defense
1 - 35% - 35% - 17:36
2 - 35% - 35% - 17:44
3 - 29% - 30% - 14:40
4 - 0% - 0% - 0:00
PP Forward
1 - 56% - 60% - 1:07
2 - 44% - 40% - 0:52
PP Defense
1 - 70% - 70% - 1:23
2 - 30% - 30% - 0:36
PK Forward
1 - 81% - 60% - 5:38
2 - 19% - 40% - 1:17
PK Defense
1 - 58% - 60% - 4:02
2 - 42% - 40% - 2:53
PK3 Forward
1 - 0% - 60%
2 - 0% - 40%
PK3 Defense
1 - 0% - 60%
2 - 0% - 40%
44 Forward
1 - 0% - 60%
2 - 0% - 40%
44 Defense
1 - 0% - 60%
2 - 0% - 40%
Last Minute Offensive - 1:06
Last Minute Defensive - 0:00
Total
Forward - 60:00
Defense - 60:00
|
% Time on Ice - Flyers
Lines # - Real PCT - Wanted PCT - Time Play
Normal Forward
1 - 30% - 40% - 15:03
2 - 27% - 30% - 13:30
3 - 27% - 20% - 13:27
4 - 16% - 10% - 7:57
Normal Defense
1 - 36% - 40% - 18:07
2 - 33% - 30% - 16:20
3 - 26% - 20% - 13:03
4 - 5% - 10% - 2:27
PP Forward
1 - 52% - 60% - 3:34
2 - 48% - 40% - 3:21
PP Defense
1 - 57% - 60% - 3:56
2 - 43% - 40% - 2:59
PK Forward
1 - 81% - 60% - 1:36
2 - 19% - 40% - 0:23
PK Defense
1 - 48% - 60% - 0:57
2 - 52% - 40% - 1:02
PK3 Forward
1 - 0% - 60%
2 - 0% - 40%
PK3 Defense
1 - 0% - 60%
2 - 0% - 40%
44 Forward
1 - 0% - 60%
2 - 0% - 40%
44 Defense
1 - 0% - 60%
2 - 0% - 40%
Last Minute Offensive - 0:00
Last Minute Defensive - 1:09
Total
Forward - 60:00
Defense - 60:00
|
Play-by-Play
1st period
0:01 of 1st period - Sidney Crosby wins face-off versus Jordan Nolan in neutral zone.
0:03 of 1st period - Off-side.
0:04 of 1st period - Sidney Crosby wins face-off versus Jordan Nolan in neutral zone.
1:03 of 1st period - Michael Bournival is hit by Colton Parayko and loses puck.
1:28 of 1st period - Wrist shot by Adrian Kempe.
1:28 of 1st period - Shot Misses the Net.
1:38 of 1st period - Travis Zajac is hit by Matthew Tkachuk and loses puck.
1:43 of 1st period - Wrist shot by Sidney Crosby.
1:43 of 1st period - Stopped by Steve Mason with a rebound.
1:59 of 1st period - Wrist shot by Travis Konecny.
1:59 of 1st period - Stopped by Igor Shesterkin without a rebound.
2:00 of 1st period - Auston Matthews wins face-off versus Jordan Nolan in Kings zone.
2:07 of 1st period - Snap shot by Auston Matthews.
2:07 of 1st period - Shot Misses the Net.
4:36 of 1st period - Snap shot by Sidney Crosby.
4:36 of 1st period - Stopped by Steve Mason with a rebound.
4:42 of 1st period - Adam Fox is hit by Ivan Provorov and loses puck.
5:13 of 1st period - Jared Cowen is hit by Brock Nelson and loses puck.
5:44 of 1st period - Marc Staal is hit by Michael Bournival and loses puck.
6:33 of 1st period - Wrist shot by Jeff Carter.
6:33 of 1st period - Stopped by Igor Shesterkin without a rebound.
6:34 of 1st period - Sidney Crosby wins face-off versus Jordan Nolan in Kings zone.
7:00 of 1st period - Colton Parayko is hit by Jeff Carter and loses puck.
7:35 of 1st period - Marc Staal is hit by Cal Foote and loses puck.
7:48 of 1st period - Backhand shot by Nick Ritchie.
7:48 of 1st period - Stopped by Igor Shesterkin without a rebound.
7:49 of 1st period - Nick Ritchie wins face-off versus Frans Nielsen in Kings zone.
7:52 of 1st period - Wrist shot by Jordan Nolan.
7:52 of 1st period - Shot Misses the Net.
7:54 of 1st period - Wrist shot by Jakub Voracek.
7:54 of 1st period - Deflect By Jordan Nolan.
7:54 of 1st period - Stopped by Igor Shesterkin with a rebound.
7:56 of 1st period - Snap shot by Jakub Voracek.
7:56 of 1st period - Stopped by Igor Shesterkin without a rebound.
7:57 of 1st period - Jordan Nolan wins face-off versus Sidney Crosby in Kings zone.
8:02 of 1st period - Slapshot by Nick Ritchie.
8:02 of 1st period - Stopped by Igor Shesterkin without a rebound.
8:03 of 1st period - Sidney Crosby wins face-off versus Jordan Nolan in Kings zone.
8:10 of 1st period - Wrist shot by Matthew Tkachuk.
8:10 of 1st period - Stopped by Steve Mason without a rebound.
8:11 of 1st period - Chris Tierney wins face-off versus Jordan Nolan in Flyers zone.
8:16 of 1st period - Snap shot by Mikko Rantanen.
8:16 of 1st period - Shot Blocked by Nick Ritchie.
8:18 of 1st period - Slapshot by Quinn Hughes.
8:18 of 1st period - Stopped by Steve Mason without a rebound.
8:19 of 1st period - Jordan Nolan wins face-off versus Auston Matthews in Flyers zone.
8:19 of 1st period - Jordan Nolan is hit by Mikko Rantanen.
8:25 of 1st period - Wrist shot by Mikko Rantanen.
8:25 of 1st period - Shot Blocked by Nick Ritchie.
8:27 of 1st period - Slapshot by Colton Parayko.
8:27 of 1st period - Deflect By Nick Ritchie.
8:27 of 1st period - Stopped by Steve Mason without a rebound.
8:28 of 1st period - Jeff Carter wins face-off versus Jake Guentzel in Flyers zone.
9:00 of 1st period - Snap shot by Jakub Voracek.
9:00 of 1st period - Shot Misses the Net.
9:02 of 1st period - Slapshot by Nathan Beaulieu.
9:02 of 1st period - Stopped by Igor Shesterkin with a rebound.
10:20 of 1st period - Snap shot by Chris Tierney.
10:20 of 1st period - Stopped by Steve Mason with a rebound.
10:22 of 1st period - Snap shot by Jared Cowen.
10:22 of 1st period - Shot Misses the Net.
10:24 of 1st period - Slapshot by Adam Fox.
10:24 of 1st period - Deflect By Nick Ritchie.
10:24 of 1st period - Stopped by Steve Mason with a rebound.
11:09 of 1st period - Marc Staal is hit by Jeff Carter and loses puck.
11:46 of 1st period - Minor Penalty to Matthew Tkachuk for Tripping.
11:47 of 1st period - Chris Tierney wins face-off versus Jordan Nolan in Kings zone.
12:23 of 1st period - Jeff Carter is hit by Colton Parayko.
12:26 of 1st period - Off-side.
12:27 of 1st period - Jeff Carter wins face-off versus Sam Bennett in neutral zone.
12:44 of 1st period - Slapshot by Kasperi Kapanen.
12:44 of 1st period - Goal by Kasperi Kapanen - Kings : 0 - Flyers : 1.
12:45 of 1st period - Jordan Nolan wins face-off versus Auston Matthews in neutral zone.
13:17 of 1st period - Quinn Hughes is hit by Jake Dotchin and loses puck.
13:36 of 1st period - Slapshot by Jared Cowen.
13:36 of 1st period - Stopped by Steve Mason without a rebound.
13:37 of 1st period - Nick Ritchie wins face-off versus Frans Nielsen in Flyers zone.
14:12 of 1st period - Wrist shot by Chris Tierney.
14:12 of 1st period - Shot Blocked by Brian Lashoff.
14:50 of 1st period - Snap shot by Sidney Crosby.
14:50 of 1st period - Stopped by Steve Mason without a rebound.
14:51 of 1st period - Sidney Crosby wins face-off versus Jakub Voracek in Flyers zone.
15:08 of 1st period - Wrist shot by Nick Ritchie.
15:08 of 1st period - Shot Misses the Net.
15:18 of 1st period - Colton Parayko is hit by Niclas Bergfors and loses puck.
15:24 of 1st period - Icing by Aaron Ekblad.
15:25 of 1st period - Sidney Crosby wins face-off versus Calle Jarnkrok in Kings zone.
15:38 of 1st period - Snap shot by Jake Guentzel.
15:38 of 1st period - Stopped by Steve Mason with a rebound.
15:56 of 1st period - Snap shot by Jake Guentzel.
15:56 of 1st period - Stopped by Steve Mason without a rebound.
15:57 of 1st period - Auston Matthews wins face-off versus Jordan Nolan in Flyers zone.
16:23 of 1st period - Jeff Carter is hit by Matt Martin and loses puck.
17:11 of 1st period - Slapshot by Aaron Ekblad.
17:11 of 1st period - Stopped by Steve Mason with a rebound.
17:13 of 1st period - Wrist shot by Chris Tierney.
17:13 of 1st period - Shot Misses the Net.
17:15 of 1st period - Snap shot by Aaron Ekblad.
17:15 of 1st period - Deflect By Chris Tierney.
17:15 of 1st period - Stopped by Steve Mason with a rebound.
17:17 of 1st period - Slapshot by Aaron Ekblad.
17:17 of 1st period - Deflect By Mikko Rantanen.
17:17 of 1st period - Stopped by Steve Mason with a rebound.
17:41 of 1st period - Jeff Carter is hit by Matt Martin.
19:29 of 1st period - Snap shot by Nick Ritchie.
19:29 of 1st period - Stopped by Igor Shesterkin with a rebound.
19:31 of 1st period - Snap shot by Jakub Voracek.
19:31 of 1st period - Shot Misses the Net.
Goals for this period are 0 for Kings vs 1 for Flyers.
Shots for this period are 14 for Kings vs 9 for Flyers.
2nd period
0:01 of 2nd period - Jordan Nolan wins face-off versus Auston Matthews in neutral zone.
0:04 of 2nd period - Slapshot by Nathan Beaulieu.
0:04 of 2nd period - Stopped by Igor Shesterkin with a rebound.
0:06 of 2nd period - Wrist shot by Nick Ritchie.
0:06 of 2nd period - Shot Misses the Net.
0:28 of 2nd period - Snap shot by Max Pacioretty.
0:28 of 2nd period - Shot Misses the Net.
0:38 of 2nd period - Snap shot by Kasperi Kapanen.
0:38 of 2nd period - Shot Misses the Net.
0:40 of 2nd period - Snap shot by Brian Lashoff.
0:40 of 2nd period - Shot Misses the Net.
2:06 of 2nd period - Snap shot by Jeff Carter.
2:06 of 2nd period - Goal by Jeff Carter - Kings : 0 - Flyers : 2.
2:07 of 2nd period - Jordan Nolan wins face-off versus Mikko Rantanen in neutral zone.
2:12 of 2nd period - Snap shot by Jakub Voracek.
2:12 of 2nd period - Shot Misses the Net.
2:14 of 2nd period - Wrist shot by Nick Ritchie.
2:14 of 2nd period - Shot Misses the Net.
2:16 of 2nd period - Slapshot by Nathan Beaulieu.
2:16 of 2nd period - Stopped by Igor Shesterkin without a rebound.
2:17 of 2nd period - Auston Matthews wins face-off versus Jordan Nolan in Kings zone.
2:19 of 2nd period - Minor Penalty to Marc Staal for Unsportsmanlike conduct.
2:20 of 2nd period - Chris Tierney wins face-off versus Jordan Nolan in Kings zone.
2:32 of 2nd period - Slapshot by Nick Ritchie.
2:32 of 2nd period - Shot Misses the Net.
2:34 of 2nd period - Slapshot by Brian Lashoff.
2:34 of 2nd period - Stopped by Igor Shesterkin with a rebound.
2:36 of 2nd period - Slapshot by Brian Lashoff.
2:36 of 2nd period - Deflect By Colton Parayko.
2:36 of 2nd period - Stopped by Igor Shesterkin with a rebound.
2:56 of 2nd period - Slapshot by Ivan Provorov.
2:56 of 2nd period - Shot Hit the Post.
4:19 of 2nd period - Penalty to Marc Staal is over, Marc Staal is back on ice.
4:49 of 2nd period - Aaron Ekblad is hit by Travis Zajac and loses puck.
5:00 of 2nd period - Calle Jarnkrok is hit by Chris Tierney and loses puck.
5:26 of 2nd period - Nathan Beaulieu is hit by Frans Nielsen and loses puck.
5:47 of 2nd period - Wrist shot by Jake Guentzel.
5:47 of 2nd period - Goal by Jake Guentzel - Kings : 1 - Flyers : 2.
5:48 of 2nd period - Mikko Rantanen wins face-off versus Jakub Voracek in neutral zone.
6:20 of 2nd period - Slapshot by Kasperi Kapanen.
6:20 of 2nd period - Stopped by Igor Shesterkin with a rebound.
7:04 of 2nd period - Minor Penalty to Frans Nielsen for Hooking.
7:05 of 2nd period - Nick Ritchie wins face-off versus Chris Tierney in Kings zone.
7:59 of 2nd period - Marc Staal is hit by Jakub Voracek and loses puck.
9:04 of 2nd period - Penalty to Frans Nielsen is over, Frans Nielsen is back on ice.
9:17 of 2nd period - Nathan Beaulieu is hit by Frans Nielsen.
9:34 of 2nd period - Wrist shot by Niclas Bergfors.
9:34 of 2nd period - Stopped by Igor Shesterkin with a rebound.
9:36 of 2nd period - Wrist shot by Michael Bournival.
9:36 of 2nd period - Stopped by Igor Shesterkin without a rebound.
9:37 of 2nd period - Calle Jarnkrok wins face-off versus Auston Matthews in Kings zone.
10:02 of 2nd period - Calle Jarnkrok is hit by Sam Bennett and loses puck.
10:29 of 2nd period - Snap shot by Jakub Voracek.
10:29 of 2nd period - Shot Blocked by Aaron Ekblad.
10:53 of 2nd period - Mikko Rantanen is hit by Kasperi Kapanen and loses puck.
11:10 of 2nd period - Wrist shot by Brock Nelson.
11:10 of 2nd period - Shot Hit the Post.
11:35 of 2nd period - Minor Penalty to Frans Nielsen for Hooking.
11:36 of 2nd period - Jordan Nolan wins face-off versus Chris Tierney in Kings zone.
11:36 of 2nd period - Wrist shot by Jakub Voracek.
11:36 of 2nd period - Stopped by Igor Shesterkin without a rebound.
11:37 of 2nd period - Chris Tierney wins face-off versus Nick Ritchie in Kings zone.
12:14 of 2nd period - Slapshot by Max Pacioretty.
12:14 of 2nd period - Stopped by Igor Shesterkin with a rebound.
12:32 of 2nd period - Icing by Max Pacioretty.
12:33 of 2nd period - Chris Tierney wins face-off versus Max Pacioretty in Flyers zone.
12:48 of 2nd period - Jared Cowen is hit by Brian Lashoff and loses puck.
13:13 of 2nd period - Jake Dotchin is hit by Sidney Crosby and loses puck.
13:35 of 2nd period - Penalty to Frans Nielsen is over, Frans Nielsen is back on ice.
14:34 of 2nd period - Travis Konecny is hit by Mikko Rantanen and loses puck.
14:51 of 2nd period - William Nylander is hit by Michael Bournival and loses puck.
15:06 of 2nd period - Wrist shot by Jordan Nolan.
15:06 of 2nd period - Stopped by Igor Shesterkin with a rebound.
15:08 of 2nd period - Snap shot by Jakub Voracek.
15:08 of 2nd period - Stopped by Igor Shesterkin with a rebound.
15:10 of 2nd period - Wrist shot by Nathan Beaulieu.
15:10 of 2nd period - Stopped by Igor Shesterkin with a rebound.
15:12 of 2nd period - Wrist shot by Nick Ritchie.
15:12 of 2nd period - Shot Blocked by Colton Parayko.
15:22 of 2nd period - Colton Parayko is hit by Max Pacioretty and loses puck.
15:29 of 2nd period - Snap shot by Max Pacioretty.
15:29 of 2nd period - Stopped by Igor Shesterkin with a rebound.
15:31 of 2nd period - Backhand shot by Max Pacioretty.
15:31 of 2nd period - Shot Misses the Net.
15:41 of 2nd period - Slapshot by Chris Tierney.
15:41 of 2nd period - Deflect By Auston Matthews.
15:41 of 2nd period - Stopped by Steve Mason with a rebound.
16:05 of 2nd period - Snap shot by Matt Martin.
16:05 of 2nd period - Stopped by Steve Mason without a rebound.
16:06 of 2nd period - Sam Bennett wins face-off versus Jordan Nolan in Flyers zone.
16:13 of 2nd period - Snap shot by Matt Martin.
16:13 of 2nd period - Stopped by Steve Mason with a rebound.
16:15 of 2nd period - Wrist shot by Sam Bennett.
16:15 of 2nd period - Stopped by Steve Mason with a rebound.
16:55 of 2nd period - Off-side.
16:56 of 2nd period - Frans Nielsen wins face-off versus Calle Jarnkrok in neutral zone.
16:59 of 2nd period - Slapshot by Quinn Hughes.
16:59 of 2nd period - Stopped by Steve Mason with a rebound.
17:49 of 2nd period - Slapshot by Quinn Hughes.
17:49 of 2nd period - Shot Misses the Net.
17:51 of 2nd period - Snap shot by William Nylander.
17:51 of 2nd period - Goal by William Nylander - Kings : 2 - Flyers : 2.
17:52 of 2nd period - Jordan Nolan wins face-off versus Auston Matthews in neutral zone.
17:55 of 2nd period - Snap shot by Jordan Nolan.
17:55 of 2nd period - Stopped by Igor Shesterkin without a rebound.
17:56 of 2nd period - Jordan Nolan wins face-off versus Auston Matthews in Kings zone.
18:03 of 2nd period - Snap shot by Nick Ritchie.
18:03 of 2nd period - Stopped by Igor Shesterkin with a rebound.
18:05 of 2nd period - Wrist shot by Nick Ritchie.
18:05 of 2nd period - Stopped by Igor Shesterkin without a rebound.
18:06 of 2nd period - Jordan Nolan wins face-off versus Auston Matthews in Kings zone.
18:15 of 2nd period - Slapshot by Aaron Ekblad.
18:15 of 2nd period - Stopped by Steve Mason with a rebound.
18:17 of 2nd period - Snap shot by Chris Tierney.
18:17 of 2nd period - Shot Hit the Post.
18:40 of 2nd period - Snap shot by Jake Guentzel.
18:40 of 2nd period - Shot Blocked by Max Pacioretty.
18:42 of 2nd period - Snap shot by Adam Fox.
18:42 of 2nd period - Stopped by Steve Mason without a rebound.
18:43 of 2nd period - Auston Matthews wins face-off versus Jeff Carter in Flyers zone.
18:50 of 2nd period - Snap shot by Mikko Rantanen.
18:50 of 2nd period - Stopped by Steve Mason without a rebound.
18:51 of 2nd period - Auston Matthews wins face-off versus Kasperi Kapanen in Flyers zone.
18:52 of 2nd period - Backhand shot by Mikko Rantanen.
18:52 of 2nd period - Stopped by Steve Mason without a rebound.
18:53 of 2nd period - Jeff Carter wins face-off versus Auston Matthews in Flyers zone.
18:59 of 2nd period - Off-side.
19:00 of 2nd period - Jordan Nolan wins face-off versus Auston Matthews in neutral zone.
19:29 of 2nd period - Icing by Aaron Ekblad.
19:30 of 2nd period - Jeff Carter wins face-off versus Matthew Tkachuk in Kings zone.
Goals for this period are 2 for Kings vs 1 for Flyers.
Shots for this period are 11 for Kings vs 17 for Flyers.
3rd period
0:01 of 3rd period - Jordan Nolan wins face-off versus Auston Matthews in neutral zone.
0:03 of 3rd period - Off-side.
0:04 of 3rd period - Jordan Nolan wins face-off versus Auston Matthews in neutral zone.
0:17 of 3rd period - Snap shot by Nick Ritchie.
0:17 of 3rd period - Shot Misses the Net.
0:20 of 3rd period - Icing by Aaron Ekblad.
0:21 of 3rd period - Jeff Carter wins face-off versus Auston Matthews in Kings zone.
0:28 of 3rd period - Snap shot by Jeff Carter.
0:28 of 3rd period - Shot Hit the Post.
0:30 of 3rd period - Snap shot by Brian Lashoff.
0:30 of 3rd period - Stopped by Igor Shesterkin with a rebound.
0:32 of 3rd period - Wrist shot by Jeff Carter.
0:32 of 3rd period - Shot Blocked by Aaron Ekblad.
0:34 of 3rd period - Slapshot by Nathan Beaulieu.
0:34 of 3rd period - Stopped by Igor Shesterkin without a rebound.
0:35 of 3rd period - Jordan Nolan wins face-off versus Sidney Crosby in Kings zone.
1:00 of 3rd period - Colton Parayko is hit by Kasperi Kapanen and loses puck.
2:06 of 3rd period - Off-side.
2:07 of 3rd period - Jordan Nolan wins face-off versus Sidney Crosby in neutral zone.
2:59 of 3rd period - Snap shot by Sam Bennett.
2:59 of 3rd period - Stopped by Steve Mason without a rebound.
3:00 of 3rd period - Jordan Nolan wins face-off versus Sam Bennett in Flyers zone.
3:00 of 3rd period - Jordan Nolan is hit by Aaron Ekblad.
3:14 of 3rd period - Snap shot by Jakub Voracek.
3:14 of 3rd period - Stopped by Igor Shesterkin with a rebound.
3:26 of 3rd period - Jeff Carter is hit by Aaron Ekblad and loses puck.
4:16 of 3rd period - Slapshot by Marc Staal.
4:16 of 3rd period - Stopped by Steve Mason without a rebound.
4:17 of 3rd period - Frans Nielsen wins face-off versus Nick Ritchie in Flyers zone.
4:20 of 3rd period - Snap shot by Adrian Kempe.
4:20 of 3rd period - Stopped by Steve Mason with a rebound.
4:30 of 3rd period - Snap shot by Frans Nielsen.
4:30 of 3rd period - Stopped by Steve Mason with a rebound.
4:32 of 3rd period - Slapshot by Colton Parayko.
4:32 of 3rd period - Deflect By Jordan Nolan.
4:32 of 3rd period - Stopped by Steve Mason with a rebound.
5:35 of 3rd period - Snap shot by Jordan Nolan.
5:35 of 3rd period - Shot Misses the Net.
5:55 of 3rd period - Snap shot by Travis Konecny.
5:55 of 3rd period - Shot Misses the Net.
6:01 of 3rd period - Wrist shot by Travis Konecny.
6:01 of 3rd period - Stopped by Igor Shesterkin with a rebound.
6:03 of 3rd period - Snap shot by Travis Zajac.
6:03 of 3rd period - Shot Blocked by Matthew Tkachuk.
6:42 of 3rd period - Quinn Hughes is hit by Brian Lashoff and loses puck.
6:59 of 3rd period - Snap shot by Mikko Rantanen.
6:59 of 3rd period - Stopped by Steve Mason with a rebound.
7:01 of 3rd period - Slapshot by Colton Parayko.
7:01 of 3rd period - Stopped by Steve Mason with a rebound.
7:03 of 3rd period - Slapshot by Chris Tierney.
7:03 of 3rd period - Stopped by Steve Mason with a rebound.
7:05 of 3rd period - Wrist shot by Auston Matthews.
7:05 of 3rd period - Stopped by Steve Mason with a rebound.
7:17 of 3rd period - Michael Bournival is hit by Colton Parayko.
7:38 of 3rd period - Snap shot by Niclas Bergfors.
7:38 of 3rd period - Shot Blocked by Marc Staal.
7:59 of 3rd period - Michael Bournival is hit by Mitch Marner and loses puck.
8:10 of 3rd period - Michael Bournival is hit by Sam Bennett and loses puck.
8:39 of 3rd period - Wrist shot by Michael Bournival.
8:39 of 3rd period - Shot Blocked by Adam Fox.
8:41 of 3rd period - Slapshot by Niclas Bergfors.
8:41 of 3rd period - Shot Misses the Net.
8:49 of 3rd period - Wrist shot by Calle Jarnkrok.
8:49 of 3rd period - Goal by Calle Jarnkrok - Kings : 2 - Flyers : 3.
8:50 of 3rd period - Jordan Nolan wins face-off versus Sidney Crosby in neutral zone.
9:41 of 3rd period - Wrist shot by Frans Nielsen.
9:41 of 3rd period - Stopped by Steve Mason without a rebound.
9:42 of 3rd period - Travis Zajac wins face-off versus Frans Nielsen in Flyers zone.
10:11 of 3rd period - Cal Foote is hit by William Nylander and loses puck.
10:51 of 3rd period - Slapshot by Cal Foote.
10:51 of 3rd period - Deflect By Adrian Kempe.
10:51 of 3rd period - Stopped by Igor Shesterkin without a rebound.
10:52 of 3rd period - Sidney Crosby wins face-off versus Nick Ritchie in Kings zone.
11:18 of 3rd period - Jared Cowen is hit by Brian Lashoff and loses puck.
12:53 of 3rd period - Matt Martin is hit by Nathan Beaulieu and loses puck.
13:04 of 3rd period - Cal Foote is hit by Adrian Kempe and loses puck.
13:11 of 3rd period - William Nylander is hit by Travis Zajac and loses puck.
13:38 of 3rd period - Matt Martin is hit by Jakub Voracek and loses puck.
13:53 of 3rd period - Snap shot by Niclas Bergfors.
13:53 of 3rd period - Stopped by Igor Shesterkin with a rebound.
13:55 of 3rd period - Slapshot by Ivan Provorov.
13:55 of 3rd period - Deflect By Mikko Rantanen.
13:55 of 3rd period - Stopped by Igor Shesterkin with a rebound.
13:57 of 3rd period - Slapshot by Ivan Provorov.
13:57 of 3rd period - Shot Blocked by Quinn Hughes.
13:59 of 3rd period - Snap shot by Calle Jarnkrok.
13:59 of 3rd period - Shot Blocked by Marc Staal.
14:16 of 3rd period - Marc Staal is hit by Travis Zajac and loses puck.
14:31 of 3rd period - Slapshot by Sidney Crosby.
14:31 of 3rd period - Stopped by Steve Mason without a rebound.
14:32 of 3rd period - Jeff Carter wins face-off versus Sidney Crosby in Flyers zone.
14:48 of 3rd period - Icing by Adam Fox.
14:49 of 3rd period - Sidney Crosby wins face-off versus Jordan Nolan in Kings zone.
15:23 of 3rd period - Slapshot by Sam Bennett.
15:23 of 3rd period - Shot Misses the Net.
15:34 of 3rd period - Minor Penalty to Jeff Carter for Interference.
15:35 of 3rd period - Auston Matthews wins face-off versus Jordan Nolan in Flyers zone.
16:22 of 3rd period - Wrist shot by Travis Zajac.
16:22 of 3rd period - Stopped by Igor Shesterkin without a rebound.
16:23 of 3rd period - Jordan Nolan wins face-off versus Auston Matthews in Kings zone.
16:54 of 3rd period - Brian Lashoff is hit by Mikko Rantanen and loses puck.
17:34 of 3rd period - Penalty to Jeff Carter is over, Jeff Carter is back on ice.
19:11 of 3rd period - Adrian Kempe is hit by Jakub Voracek and loses puck.
19:22 of 3rd period - Snap shot by Nick Ritchie.
19:22 of 3rd period - Shot Misses the Net.
19:26 of 3rd period - Snap shot by Jakub Voracek.
19:26 of 3rd period - Goal by Jakub Voracek - Kings : 2 - Flyers : 4.
19:27 of 3rd period - Sam Bennett wins face-off versus Jordan Nolan in neutral zone.
19:32 of 3rd period - Wrist shot by Sam Bennett.
19:32 of 3rd period - Goal by Sam Bennett - Kings : 3 - Flyers : 4.
19:33 of 3rd period - Sidney Crosby wins face-off versus Jordan Nolan in neutral zone.
19:36 of 3rd period - Kings, Igor Shesterkin is pulled from the net.
19:42 of 3rd period - Slapshot by Jake Guentzel.
19:42 of 3rd period - Stopped by Steve Mason with a rebound.
19:44 of 3rd period - Slapshot by Mikko Rantanen.
19:44 of 3rd period - Shot Misses the Net.
Goals for this period are 1 for Kings vs 2 for Flyers.
Shots for this period are 13 for Kings vs 10 for Flyers.